 Dungeon Crawl Stone Soup version 0.31-a0-986-g5e6e4ef867 (webtiles) character file.

Game seed: 500498694249500762

21 octoduck the Gusty (level 2, -1/20 HPs)
             Began as a Draconian Air Elementalist on Nov 23, 2023.
             Slain by Terence
             ... wielding a +0 hand axe
              (4 damage)
             ... on level 1 of the Dungeon.
             The game lasted 00:07:36 (1441 turns).

octoduck the Gusty (Draconian Air Elementalist)     Turns: 1441, Time: 00:07:36

Health: -1/20      AC:  4    Str: 10    XL:     2   Next: 62%
Magic:  0/5        EV: 12    Int: 15    God:
Gold:   64         SH:  0    Dex: 11    Spells: 2/5 levels left

rFire   + . .        d - +1 short sword
rCold   + . .        (no shield)
rNeg    . . .        (body armour unavailable)
rPois   .            (helmet restricted)
rElec   .            (no cloak)
rCorr   .            (no gloves)
SInv    .            (no boots)
Will    .....        (no amulet)
Stlth   ++           (no ring)
HPRegen 0.23/turn    (no ring)
MPRegen 0.09/turn

%: random rage (3%)
@: very slightly contaminated
A: AC +4, unfitting armour, cold-blooded, berserk 1, cold resistance 1, fire
resistance 1, screaming 1
a: no special abilities


You were on level 1 of the Dungeon.
You visited 1 branch of the dungeon, and saw 2 of its levels.

You collected 64 gold pieces.

Inventory:

Hand Weapons
 c - a +2 heavy quarterstaff
 d - a +1 short sword (weapon)
Scrolls
 g - a scroll of enchant weapon


   Skills:
 - Level 2.0 Dodging
 - Level 2.0 Stealth
 - Level 2.1 Spellcasting
 + Level 1.5 Conjurations
 + Level 3.2 Air Magic


You had 2 spell levels left.
You knew the following spells:

 Your Spells              Type           Power      Damage    Failure   Level
a - Shock                 Conj/Air       32%        1d5       9%          1
b - Static Discharge      Conj/Air       16%        3-4/arc   12%         2

Your spell library contained the following spells:

 Spells                   Type           Power      Damage    Failure   Level
 Swiftness                Air            11%        N/A       17%         3
 Airstrike                Air            5%         2d(1-17)  50%         4


Dungeon Overview and Level Annotations

Branches:
Dungeon (2/15)

Altars:

Shops:
D:1 [

Annotations:
D:1 Terence
D:2 exclusion: upstairs


Innate Abilities, Weirdness & Mutations

Your plain brown scales are hard. (AC +4)
You cannot fit into any form of body armour.
You are cold-blooded and may be slowed by cold attacks.
You sometimes lose your temper in combat.
Your flesh is cold resistant. (rC+)
Your flesh is heat resistant. (rF+)
You occasionally shout uncontrollably at your foes.


Message History

The zap hits Terence but does no damage.
Terence is severely wounded.
Terence barely misses you.
Casting: Shock (safe; 9% risk of failure)
Confirm with . or Enter, or press ? or * to list all spells.
Aiming: Shock (safe; 9% risk of failure)
Press: ? - help, Shift-Dir - straight line The zap hits Terence.
Terence is severely wounded.
The zap hits Terence but does no damage.
Terence is severely wounded.
Terence hits you with a +0 hand axe.
* * * LOW HITPOINT WARNING * * *
Casting: Shock (safe; 9% risk of failure)
Confirm with . or Enter, or press ? or * to list all spells.
Aiming: Shock (safe; 9% risk of failure)
Press: ? - help, Shift-Dir - straight line You miscast Shock.
You are very lightly contaminated with residual magic.
Nothing appears to happen.
Terence hits you but does no damage.
Casting: Shock (safe; 9% risk of failure)
Confirm with . or Enter, or press ? or * to list all spells.
You don't have enough magic to cast this spell.
Okay, then.
You feel extremely strange.
You feel more energetic.
You no longer feel a hidden potential within.
The horns on your head shrink away.
You feel the urge to shout.
You feel a little pissed off.
You feel resistant to cold. Terence hits you but does no damage.
You hit Terence but do no damage.
Terence is severely wounded.
Terence closely misses you.
You barely miss Terence.
Terence is severely wounded.
Terence barely misses you.
You hit Terence but do no damage.
Terence is severely wounded.
Terence hits you with a +0 hand axe.
You die...

.# ###..# ##..#.###.......... .#
####...## #..#..##..........
.###....### ##.##.............
..##.#### ##.......#..#######
#.##.# #####...####...## #
#....######......># #..## #
#..####.......###.# ##.## #
#..##...###.#####@###..# #
........##..##..@......## #
###......#.###..........# #
#8#........###.......##.# #
#_#.[.....###........##.# ###
#.###....##.#........##.# ##≈≈
#.~~###.##.P#........##.######~≈≈
#..P~.###..P#........##.........∩
##...~.....~~..########.....(#~~~
#####.~~~~~.#.## #......##≈≈


You could see Terence.

Vanquished Creatures
  4 ball pythons
  A bat (D:2)
  3 hobgoblins (D:1)
  5 jackals
  A quokka (D:1)
  2 kobolds (D:1)
  A rat (D:1)
17 creatures vanquished.

Notes
Turn   | Place    | Note
-------+----------+-------------------------------------------
     0 | D:1      | octoduck the Draconian Air Elementalist began the quest for
                  | the Orb.
     0 | D:1      | Reached XP level 1. HP: 14/14 MP: 3/3
   428 | D:1      | Found Ziucsiotat's Antique Armour Boutique.
   488 | D:1      | Reached XP level 2. HP: 20/20 MP: 0/5
   921 | D:1      | Found a faded altar of an unknown god.
  1151 | D:1      | Learned a level 2 spell: Static Discharge
  1182 | D:2      | Noticed Terence
  1392 | D:1      | Gained mutation: You have a pair of small horns on your
                  | head. [potion of mutation]
  1392 | D:1      | Gained mutation: Your magical capacity is low. (-10% MP)
                  | [potion of mutation]
  1392 | D:1      | Gained mutation: You have hidden genetic potential. [potion
                  | of mutation]
  1392 | D:1      | Gained mutation: Your flesh is heat resistant. (rF+)
                  | [potion of mutation]
  1438 | D:1      | Lost mutation: Your magical capacity is low. (-10% MP)
                  | [potion of mutation]
  1438 | D:1      | Lost mutation: You have hidden genetic potential. [potion
                  | of mutation]
  1438 | D:1      | Lost mutation: You have a pair of small horns on your head.
                  | [potion of mutation]
  1438 | D:1      | Gained mutation: You occasionally shout uncontrollably at
                  | your foes. [potion of mutation]
  1438 | D:1      | Gained mutation: You sometimes lose your temper in combat.
                  | [potion of mutation]
  1438 | D:1      | Gained mutation: Your flesh is cold resistant. (rC+)
                  | [potion of mutation]
  1441 | D:1      | Slain by Terence

Illustrated notes

Levels and vault maps discovered:
D:1:      matt_arrival_spirals, layout_rooms,
          shapermc_ecumenical_altar_hornbeckon, serial_shops,
          nicolae_shop_waterfront
D:2:      layout_basic, serial_shops, nicolae_shop_tiny_statue_garden,
          minmay_pentomino_s2, uniq_terence, uniq_sigmund

Skill      XL: |  1  2 |
---------------+-------+-----
Stealth        | 2 |  2.0
Dodging        | 2 |  2.0
Spellcasting   | |  2.1
Conjurations   | |  1.5
Air Magic      | |  3.2

Action                     || total
---------------------------++-------
  Melee: Short sword       ||     9
         Tailslap          ||     3
         Headbutt          ||     1
   Cast: Shock             ||    38
         Static Discharge  ||     3
    Use: Scroll            ||     7
         Potion            ||     5
 Armour: Skin              ||    34
  Dodge: Dodged            ||    36

Table legend: (Time is in decaauts)
 A = Elapsed time spent in this place.
 B = Non-inter-level travel time spent in this place.
 C = Inter-level travel time spent in this place.
 D = Time resting spent in this place.
 E = Time spent auto-exploring this place.
 F = Levels seen in this place.
 G = Mean time per level.
                   A        B        C        D        E       F      G
               +--------+--------+--------+--------+--------+-----+--------+
         Total |   1444 |   1267 |    177 |    319 |    619 |   2 |  722.0 |
       Dungeon |   1444 |   1267 |    177 |    319 |    619 |   2 |  722.0 |
               +--------+--------+--------+--------+--------+-----+--------+

Top non-repeatable levels by time:
     D:1: 1320 daAuts
     D:2: 123 daAuts
